 Dungeon Crawl Stone Soup version 0.24-a0-458-gfcb5e6da0e (webtiles) character file.

Game seed: 15622982542371290008

3514 drasked the Quickloader (level 10, -3/73 HPs)
             Began as a Gnoll Wanderer on June 26, 2019.
             Slain by a yak (14 damage)
             ... on level 7 of the Dungeon.
             The game lasted 00:42:24 (8659 turns).

drasked the Quickloader (Gnoll Wanderer)            Turns: 8659, Time: 00:42:24

Health: -3/73      AC:  7    Str: 19    XL:     10   Next: 8%
Magic:  17/17      EV: 12    Int: 15    God:
Gold:   505        SH: 10    Dex: 13    Spells: 18/18 levels left

rFire    . . .     SeeInvis .   g - +0 trident
rCold    . . .     Gourm    .   c - +0 shield
rNeg     + . .     Faith    .   b - +0 ring mail
rPois    .         Spirit   .   (no helmet)
rElec    .         Reflect  .   m - +0 cloak
rCorr    .         Harm     .   (no gloves)
MR       .....                  (no boots)
Stlth    ++........             (no amulet)
HPRegen  0.22/turn              N - ring of positive energy {rN+rN+}
MPRegen  0.15/turn              (no ring)

@: no status effects
A: distributed training, fangs 1, strong nose
a: no special abilities


You were on level 7 of the Dungeon.
You were hungry.

You visited 2 branches of the dungeon, and saw 8 of its levels.
You also visited: Ossuary.

You collected 531 gold pieces.
You spent 26 gold pieces at shops.

Inventory:

Hand Weapons
 a - a +1 hand crossbow
 g - a +0 trident (weapon)
   (You took it off an orc on level 5 of the Dungeon)
Missiles
 s - 4 throwing nets {=f, !d=f}
 y - 153 stones
 B - 2 javelins (quivered)
 C - 12 poisoned darts
 Q - 3 bolts
Armour
 b - a +0 ring mail (worn)
 c - a +0 shield (worn)
 m - a +0 cloak (worn)
   (You found it on level 2 of the Dungeon)
Magical Staves
 u - an uncursed staff of cold {rC+rC+}
   (You found it on level 4 of the Dungeon)
Jewellery
 N - a ring of positive energy (left hand) {rN+rN+}
   (You found it on level 1 of the Dungeon)
Wands
 n - a wand of paralysis (3)
   (You took it off Joseph on level 7 of the Dungeon)
 D - a wand of digging (5)
   (You found it on level 3 of the Dungeon)
Scrolls
 f - a scroll of fog
 i - 3 scrolls of identify
 j - a scroll of amnesia
 t - a scroll of teleportation
 w - 5 scrolls of remove curse
 z - a scroll of enchant armour {unknown}
 E - 2 scrolls of enchant weapon
 F - 3 scrolls of immolation {!r!r}
Potions
 d - 2 potions of might
 h - a potion of haste
 l - a potion of heal wounds
 o - a potion of agility {unknown}
 p - 3 potions of berserk rage {!q!q}
 q - 3 potions of curing
 r - a potion of flight {unknown}
 v - 2 potions of cancellation
 x - 4 potions of brilliance
 J - a potion of magic {unknown}
Comestibles
 e - 10 rations
 k - 2 chunks of flesh {@w0}


   Skills:
 + Level 4.8 Fighting
 + Level 4.8 Short Blades
 + Level 4.8 Long Blades
 + Level 4.8 Axes
 + Level 4.8 Maces & Flails
 + Level 6.7 Polearms
 + Level 4.8 Staves
 + Level 4.8 Slings
 + Level 4.8 Bows
 + Level 8.2 Crossbows
 + Level 4.8 Throwing
 + Level 6.7 Armour
 + Level 5.5 Dodging
 + Level 4.8 Stealth
 + Level 5.5 Shields
 + Level 4.8 Unarmed Combat
 + Level 4.8 Spellcasting
 + Level 4.0 Conjurations
 + Level 4.0 Hexes
 + Level 4.0 Charms
 + Level 4.0 Summonings
 + Level 4.0 Necromancy
 + Level 4.0 Translocations
 + Level 4.0 Transmutations
 + Level 4.0 Fire Magic
 + Level 4.0 Ice Magic
 + Level 4.0 Air Magic
 + Level 4.0 Earth Magic
 + Level 4.0 Poison Magic
 + Level 5.3 Invocations
 + Level 5.5 Evocations


You had 18 spell levels left.
You didn't know any spells.
Your spell library contained the following spells:

 Spells                   Type           Power        Failure   Level  Hunger
 Animate Skeleton         Necr           N/A          19%         1    None
 Pain                     Necr           ###.         19%         1    None
 Regeneration             Chrm/Necr      ###.......   47%         3    ###....
 Vampiric Draining        Necr           ###.......   47%         3    ###....
 Animate Dead             Necr           N/A          87%         4    ####...


Dungeon Overview and Level Annotations

Branches:
Dungeon (7/15)             Temple (1/1) D:4

Altars:
Ashenzari
Dithmenos
Elyvilon
Fedhas
Gozag
Kikubaaqudgha
Makhleb
Nemelex Xobeh
Qazlal
Ru
Sif Muna
Uskayaw
Vehumet
Wu Jian
Xom
Yredelemnul
The Shining One
Beogh

Shops:
D:4 (   D:6 ?   D:7 =

Annotations:
D:3 1 runed translucent door, vurker's ghost, amateur DsGl


Innate Abilities, Weirdness & Mutations

Your experience applies equally to all skills.
You have very sharp teeth.
Your uncanny sense of smell can sniff out nearby items.


Message History

You puncture the yak! You block the yak's attack.
You hit the yak but do no damage. The yak closely misses you.
You hit the yak but do no damage. The yak gores you!
You take 7 damage, and have 50/66 hp.
You hit the yak but do no damage. You bite the yak, but do no damage.
The yak misses you.
You closely miss the yak. The yak misses you.
Your shield and ring mail prevent you from hitting the yak.
You block the yak's attack.
You hit the yak. You bite the yak. The yak gores you.
You take 1 damage, and have 49/66 hp.
You hit the yak. You block the yak's attack.
You closely miss the yak. You block the yak's attack.
You puncture the yak! You block the yak's attack.
You hit the yak but do no damage. You block the yak's attack.
You barely miss the yak. You block the yak's attack.
You hit the yak. The yak completely misses you.
You hit the yak but do no damage. You block the yak's attack.
Your shield and ring mail prevent you from hitting the yak.
You block the yak's attack.
You hit the yak. You block the yak's attack.
You hit the yak. The yak gores you!
You take 8 damage, and have 43/66 hp.
You closely miss the yak. The yak gores you!
* * * LOW HITPOINT WARNING * * *
You take 13 damage, and have 30/66 hp.
You are too injured to fight recklessly!
You are too injured to fight recklessly!
You are too injured to fight recklessly!
You are too injured to fight recklessly!
You are too injured to fight recklessly!
You are too injured to fight recklessly!
You hit the yak but do no damage. You bite the yak, but do no damage.
You block the yak's attack.
You hit the yak but do no damage. The yak gores you!
* * * LOW HITPOINT WARNING * * *
You take 6 damage, and have 24/66 hp.
You hit the yak. The yak gores you.
* * * LOW HITPOINT WARNING * * *
You take 1 damage, and have 23/66 hp.
Your shield and ring mail prevent you from hitting the yak.
You block the yak's attack.
You hit the yak. You bite the yak, but do no damage. The yak misses you.
You hit the yak. You block the yak's attack.
You closely miss the yak. The yak completely misses you.
You hit the yak. You block the yak's attack.
You closely miss the yak.
You are feeling hungry.
You block the yak's attack.
You hit the yak. You bite the yak, but do no damage.
The yak gores you but does no damage.
You hit the yak. The yak gores you!
* * * LOW HITPOINT WARNING * * *
You take 14 damage, and have 10/66 hp.
MASSIVE DAMAGE!!
You closely miss the yak. You block the yak's attack.
You closely miss the yak. You block the yak's attack.
You puncture the yak!
You kill the yak!
You have reached level 10!
MP restored: 17 You barely miss the yak.
The yak closely misses you. The yak gores you.
* * * LOW HITPOINT WARNING * * *
You hit the yak. You hit the yak. The yak gores you!
* * * LOW HITPOINT WARNING * * *
You take 10 damage, and have 1/73 hp.
You hit the yak.
You kill the yak!
Your Conjurations skill increases to level 4!
Your Hexes skill increases to level 4!
Your Charms skill increases to level 4!
Your Summonings skill increases to level 4!
Your Necromancy skill increases to level 4!
Your Translocations skill increases to level 4!
Your Transmutations skill increases to level 4!
Your Fire Magic skill increases to level 4!
Your Ice Magic skill increases to level 4!
Your Air Magic skill increases to level 4!
Your Earth Magic skill increases to level 4!
Your Poison Magic skill increases to level 4!
Unknown command.
Some of the chunks of flesh in your inventory have rotted away.
Found a stone staircase leading down.
You feel much better. You block the yak's attack.
You regained 23 hp, and now have 25/73 hp.
You closely miss the yak. The yak gores you!
* * * LOW HITPOINT WARNING * * *
You take 15 damage, and have 10/73 hp.
MASSIVE DAMAGE!!
You barely miss the yak. You bite the yak, but do no damage.
You block the yak's attack.
You hit the yak. The yak gores you but does no damage.
You barely miss the yak. The yak gores you.
* * * LOW HITPOINT WARNING * * *
You take 1 damage, and have 10/73 hp.
You puncture the yak! You block the yak's attack. The yak closely misses you.
You hit the yak but do no damage. You block the yak's attack.
You puncture the yak! You bite the yak, but do no damage. The yak gores you!
You die...

#.>.#..........###.#
###.#...Y......##..#
#..###..###..##.## ##.#
/## #..##.# #.# Y#
#..##.# # #.#
.####..#..# # #.#
.#8.8.8#.#### #Y#
.#.⌠.⌠...##.. #@#
.#8.∩.8...#.# #......#
#.⌠.⌠..#...# #..$...#
#8.8.8##..## #......#
####.###))# #....(..
#.###).##
#.......##.####.......#
#..>............>......
#?....(.##.####.)####..
#..).# ###


You could see a yak.

Levels and vault maps discovered:
D:1:      dpeg_arrival_tiny_d, layout_basic
D:2:      layout_rooms, lemuel_doored_altar, first_ration
D:3:      layout_loops_ring, yredelemnul_altar_generic, ebering_ghost_sewer_d,
          uniq_jessica
D:4:      layout_basic, doesnt_xom_only_xom, nicolae_overflow_crystal_walls,
          grunt_temple_overflow_open, minmay_temple_entry_junction,
          kennysheep_windowed_goal
D:5:      layout_loops_corners, hangedman_decor_peaks_small,
          lightli_church_of_beogh
D:6:      layout_cave_pools, basic_altar, serial_shops, shop,
          nicolae_ossuary_entry_monument, kennysheep_minor_cross, uniq_pikel,
          uniq_menkaure
D:7:      layout_rooms, lemuel_crystal_altar, serial_shops,
          nicolae_shop_temple_entry_statues_fountains, uniq_duvessa, uniq_joseph
Temple:   compressed_dpeg_triangle_lava_temple

Notes
Turn   | Place    | Note
-------+----------+-------------------------------------------
     0 | D:1      | drasked the Gnoll Wanderer began the quest for the Orb.
     0 | D:1      | drasked set off with the following items: a +0 hand
                  | crossbow, a +0 ring mail, a +0 shield, a ration, 22 bolts
     0 | D:1      | Reached XP level 1. HP: 13/13 MP: 2/2
    13 | D:1      | Identified a +0 hand axe
   102 | D:1      | Reached XP level 2. HP: 19/19 MP: 3/3
   190 | D:1      | Identified a +0 club
   397 | D:1      | Identified a +0 dagger
   430 | D:1      | Identified a +0 club
   451 | D:1      | Reached XP level 3. HP: 25/25 MP: 4/4
   749 | D:1      | Identified a +0 dagger
  1005 | D:2      | Identified a +0 dagger
  1010 | D:2      | Reached skill level 1 in Invocations
  1010 | D:2      | Identified a +0 club
  1048 | D:2      | Reached skill level 1 in Fighting
  1048 | D:2      | Reached skill level 1 in Short Blades
  1048 | D:2      | Reached skill level 1 in Long Blades
  1048 | D:2      | Reached skill level 1 in Axes
  1048 | D:2      | Reached skill level 1 in Maces & Flails
  1048 | D:2      | Reached skill level 1 in Staves
  1048 | D:2      | Reached skill level 1 in Slings
  1048 | D:2      | Reached skill level 1 in Bows
  1048 | D:2      | Reached skill level 1 in Throwing
  1048 | D:2      | Reached skill level 1 in Stealth
  1048 | D:2      | Reached skill level 1 in Unarmed Combat
  1048 | D:2      | Reached skill level 1 in Spellcasting
  1048 | D:2      | Reached XP level 4. HP: 32/32 MP: 4/6
  1370 | D:2      | Identified a +0 club
  1395 | D:2      | Found an opulent altar of Gozag.
  1480 | D:3      | Identified a +0 club
  1518 | D:3      | Identified a +0 flail
  1519 | D:3      | Identified a +0 spear
  1521 | D:3      | Reached skill level 1 in Conjurations
  1521 | D:3      | Reached skill level 1 in Hexes
  1521 | D:3      | Reached skill level 1 in Charms
  1521 | D:3      | Reached skill level 1 in Summonings
  1521 | D:3      | Reached skill level 1 in Necromancy
  1521 | D:3      | Reached skill level 1 in Translocations
  1521 | D:3      | Reached skill level 1 in Transmutations
  1521 | D:3      | Reached skill level 1 in Fire Magic
  1521 | D:3      | Reached skill level 1 in Ice Magic
  1521 | D:3      | Reached skill level 1 in Air Magic
  1521 | D:3      | Reached skill level 1 in Earth Magic
  1521 | D:3      | Reached skill level 1 in Poison Magic
  1521 | D:3      | Identified a +0 flail
  1531 | D:3      | Reached XP level 5. HP: 36/37 MP: 7/7
  1707 | D:3      | Identified a +0 club
  1775 | D:3      | Found a basalt altar of Yredelemnul.
  1777 | D:3      | Identified a +0 falchion
  1833 | D:3      | Found a runed translucent door.
  2004 | D:3      | Identified a +0 dagger
  2004 | D:3      | Identified a +0 robe
  2004 | D:3      | Noticed Jessica
  2012 | D:3      | Killed Jessica
  2012 | D:3      | Reached skill level 3 in Dodging
  2012 | D:3      | Reached skill level 3 in Shields
  2012 | D:3      | Reached skill level 3 in Evocations
  2110 | D:3      | Identified a +0 short sword
  2110 | D:3      | Identified a +0 club
  2110 | D:3      | Identified a +0 hunting sling
  2173 | D:3      | Identified a +0 club
  2319 | D:3      | Noticed vurker's ghost (amateur DsGl)
  2326 | D:3      | Identified a +0 cloak (You found it on level 2 of the
                  | Dungeon)
  2326 | D:3      | Identified a ring of positive energy (You found it on level
                  | 1 of the Dungeon)
  2374 | D:4      | Found a sacrificial altar of Ru.
  2374 | D:4      | Identified a +0 dagger
  2374 | D:4      | Identified a +0 robe
  2374 | D:4      | Identified a +0 trident
  2403 | D:4      | Found a deep blue altar of Sif Muna.
  2437 | D:4      | HP: 5/37 [something/puff of flame (7)]
  2731 | D:4      | Found a white marble altar of Elyvilon.
  2790 | D:4      | Found Liheited's Weapon Shop.
  2886 | D:4      | Found a staircase to the Ecumenical Temple.
  2895 | Temple   | Entered the Ecumenical Temple
  2987 | D:4      | Reached XP level 6. HP: 44/44 MP: 8/8
  2988 | D:4      | Identified a +0 giant spiked club
  2996 | D:4      | HP: 8/44 [ogre/+0 giant spiked club (23)]
  2998 | D:4      | Reached skill level 5 in Polearms
  2998 | D:4      | Reached skill level 5 in Armour
  2998 | D:4      | Reached skill level 2 in Invocations
  3261 | D:4      | Identified a +0 ring mail
  3263 | D:4      | Identified a +0 dagger
  3265 | D:4      | Identified a +0 flail
  3280 | D:4      | Found a basalt altar of Yredelemnul.
  3280 | D:4      | Identified a +0 dagger
  3280 | D:4      | Identified a +0 robe
  3288 | D:4      | Reached skill level 2 in Fighting
  3288 | D:4      | Reached skill level 2 in Short Blades
  3288 | D:4      | Reached skill level 2 in Long Blades
  3288 | D:4      | Reached skill level 2 in Axes
  3288 | D:4      | Reached skill level 2 in Maces & Flails
  3288 | D:4      | Reached skill level 2 in Staves
  3288 | D:4      | Reached skill level 2 in Slings
  3288 | D:4      | Reached skill level 2 in Bows
  3288 | D:4      | Reached skill level 2 in Throwing
  3288 | D:4      | Reached skill level 2 in Stealth
  3288 | D:4      | Reached skill level 2 in Unarmed Combat
  3288 | D:4      | Reached skill level 2 in Spellcasting
  3344 | D:4      | Found a stormy altar of Qazlal.
  3344 | D:4      | Found an ornate altar of the Wu Jian Council.
  3348 | D:4      | Found a blossoming altar of Fedhas.
  3348 | D:4      | Found a glowing golden altar of the Shining One.
  3348 | D:4      | Found a shimmering altar of Xom.
  3495 | D:4      | Identified a +0 flail
  3497 | D:4      | Identified a +0 spear
  3499 | D:4      | Identified a +0 flail
  3660 | D:4      | Found an ornate altar of the Wu Jian Council.
  3782 | D:4      | Reached XP level 7. HP: 50/50 MP: 10/10
  3954 | D:4      | Got a flickering iron ring
  3955 | D:4      | Identified the ring "Lovye" {*Tele +Fly rElec Dex-4} (You
                  | found it on level 4 of the Dungeon)
  4064 | D:4      | drasked: @??*tele
  4064 | D:4      | beem: unknown monster: "*tele"
  4064 | D:4      | drasked: ??*tele
  4064 | D:4      | beem: tele[1/2]: * is teleportitis, + is evocable teleport,
                  | - is no teleport (handy occasionally)
  4075 | D:5      | Entered Level 5 of the Dungeon
  4154 | D:5      | Identified a +0 leather armour
  4162 | D:5      | Identified a +0 dagger
  4162 | D:5      | Identified a +0 robe
  4164 | D:5      | Reached skill level 7 in Crossbows
  4164 | D:5      | Identified a +0 trident
  4170 | D:5      | Identified a +0 flail
  4519 | D:5      | Identified a +0 hand axe
  4519 | D:5      | Identified a +0 short sword
  4519 | D:5      | Identified a +0 leather armour
  4520 | D:5      | Identified a +0 leather armour
  4521 | D:5      | Identified a +0 dagger
  4521 | D:5      | Identified a +0 leather armour
  4572 | D:5      | Reached skill level 2 in Conjurations
  4572 | D:5      | Reached skill level 2 in Hexes
  4572 | D:5      | Reached skill level 2 in Charms
  4572 | D:5      | Reached skill level 2 in Summonings
  4572 | D:5      | Reached skill level 2 in Necromancy
  4572 | D:5      | Reached skill level 2 in Translocations
  4572 | D:5      | Reached skill level 2 in Transmutations
  4572 | D:5      | Reached skill level 2 in Fire Magic
  4572 | D:5      | Reached skill level 2 in Ice Magic
  4572 | D:5      | Reached skill level 2 in Air Magic
  4572 | D:5      | Reached skill level 2 in Earth Magic
  4572 | D:5      | Reached skill level 2 in Poison Magic
  4732 | D:5      | Identified a +0 whip
  4749 | D:5      | Identified a +0 spear
  4753 | D:5      | Identified a +0 arbalest
  4778 | D:5      | meem: I am meem, an upgrade of beem built by MalcolmRose
                  | (check out Malcolm's DCSS vids and other projects at
                  | http://youtube.com/malcolmrosegaming). To have me follow
                  | you in your games, type !subscribemeem - to make me go away
                  | forever, type !quitmeem - For help, type: !meem
  4843 | D:5      | Identified a +0 hand crossbow
  4939 | D:5      | Identified a +0 club
  4939 | D:5      | Identified a +0 club
  4939 | D:5      | Identified a +0 spear
  4939 | D:5      | Identified a +0 club
  4942 | D:5      | drasked: !meem
  4942 | D:5      | meem: I'm a bot that sends commands to the DCSS IRC
                  | knowledge bots. Check out
                  | http://www.dungeoncrawlstonesoup.com/meemcommandguide.html
                  | for information on how to use this bot. I was made as an
                  | upgrade to beem by MalcolmRose of rosecrypto.com. I will
                  | never ban you, make you cry, say goodbye, or tell a lie and
                  | hurt you. To have me watch your games on this server, type
                  | !subscribemeem - to make me go away, type !quitmeem - to
                  | contact the owner, visit https://discord.gg/BYadyrm
  4953 | D:5      | Reached skill level 3 in Invocations
  5195 | D:5      | Found a runed translucent door.
  5199 | D:5      | Identified a +0 mace
  5199 | D:5      | Identified a +0 leather armour
  5200 | D:5      | Identified a +0 club
  5200 | D:5      | Identified a cursed +0 leather armour
  5200 | D:5      | Identified a +0 club
  5205 | D:5      | Reached XP level 8. HP: 57/57 MP: 12/12
  5220 | D:5      | Identified a +0 hand axe
  5220 | D:5      | Identified a cursed +0 leather armour
  5220 | D:5      | Identified a +0 war axe
  5220 | D:5      | Identified a +0 leather armour
  5220 | D:5      | Identified a +0 ring mail
  5220 | D:5      | Identified a +0 war axe
  5220 | D:5      | Identified a +0 war axe
  5220 | D:5      | Identified a +0 leather armour
  5220 | D:5      | Identified a +0 hand axe
  5220 | D:5      | Identified a +0 ring mail
  5220 | D:5      | Identified a +0 dagger
  5220 | D:5      | Identified a +0 robe
  5220 | D:5      | Identified a +0 club
  5220 | D:5      | Identified a +0 leather armour
  5220 | D:5      | Identified a +0 dagger
  5220 | D:5      | Identified a +0 robe
  5232 | D:5      | Identified a +0 whip
  5232 | D:5      | Identified a +0 flail
  5232 | D:5      | Identified a +0 scale mail
  5233 | D:5      | Identified a +0 trident
  5301 | D:5      | Identified a +0 dagger
  5302 | D:5      | Identified a +0 mace
  5303 | D:5      | Identified a +0 morningstar
  5303 | D:5      | Identified a +0 chain mail
  5306 | D:5      | Identified a +0 leather armour
  5307 | D:5      | Identified a +0 club
  5307 | D:5      | Identified a +0 leather armour
  5307 | D:5      | Identified a +0 dagger
  5307 | D:5      | Identified a +0 robe
  5309 | D:5      | Reached skill level 3 in Fighting
  5309 | D:5      | Reached skill level 3 in Short Blades
  5309 | D:5      | Reached skill level 3 in Long Blades
  5309 | D:5      | Reached skill level 3 in Axes
  5309 | D:5      | Reached skill level 3 in Maces & Flails
  5309 | D:5      | Reached skill level 3 in Staves
  5309 | D:5      | Reached skill level 3 in Slings
  5309 | D:5      | Reached skill level 3 in Bows
  5309 | D:5      | Reached skill level 3 in Throwing
  5309 | D:5      | Reached skill level 4 in Dodging
  5309 | D:5      | Reached skill level 3 in Stealth
  5309 | D:5      | Reached skill level 4 in Shields
  5309 | D:5      | Reached skill level 3 in Unarmed Combat
  5309 | D:5      | Reached skill level 3 in Spellcasting
  5309 | D:5      | Reached skill level 4 in Evocations
  5309 | D:5      | Identified a +0 trident
  5309 | D:5      | Identified a +0 hand axe
  5309 | D:5      | Identified a +0 chain mail
  5484 | D:5      | Found a roughly hewn altar of Beogh.
  5543 | D:5      | drasked: ??trident
  5543 | D:5      | meem: trident[1/1]: (polearms; +1 acc / 9 dam / 1.3 base
                  | delay / 0.6 min delay). A fishing spear improved with a
                  | longer shaft and a three-pronged metal head.
  5543 | D:5      | beem: trident[1/1]: (polearms; +1 acc / 9 dam / 1.3 base
                  | delay / 0.6 min delay). A fishing spear improved with a
                  | longer shaft and a three-pronged metal head.
  5543 | D:5      | drasked: ??spear
  5543 | D:5      | meem: spear[1/1]: (polearms; +4 acc / 6 dam / 1.1 base
                  | delay / 0.5 min delay). A hunting weapon consisting of a
                  | wooden shaft with a pointed metal head fastened on one end.
  5543 | D:5      | beem: spear[1/1]: (polearms; +4 acc / 6 dam / 1.1 base
                  | delay / 0.5 min delay). A hunting weapon consisting of a
                  | wooden shaft with a pointed metal head fastened on one end.
  5600 | D:4      | Bought 13 bolts for 26 gold pieces
  5652 | D:6      | Identified 7 scrolls of identify
  5652 | D:6      | Identified 3 potions of curing
  5653 | D:6      | Identified 2 potions of brilliance
  5654 | D:6      | Identified 2 potions of heal wounds
  5655 | D:6      | Identified a scroll of enchant weapon
  5656 | D:6      | Identified 2 scrolls of teleportation
  5657 | D:6      | Identified a scroll of fog
  5658 | D:6      | Identified 2 scrolls of amnesia
  5658 | D:6      | Found a sand-covered staircase.
  5658 | D:6      | Identified a +0 whip
  5658 | D:6      | Identified a +0 flail
  5661 | D:6      | Identified a +1 flail of crushing
  5662 | Ossuary  | Entered an ossuary
  5876 | Ossuary  | drasked: ??bite
  5876 | Ossuary  | meem: bite[1/1]: An {auxiliary unarmed} attack you can get
                  | if you have sharp teeth or fangs. Damage is (fang mutation
                  | level * 2) + ((strength-10) / 5, randomly rounded). If you
                  | have less than 10 str, it's just (fang mutation level * 2).
                  | For VS, it instead is fangs level * 2 + XL * 1/3
  5876 | Ossuary  | beem: bite[1/1]: An {auxiliary unarmed} attack you can get
                  | if you have sharp teeth or fangs. Damage is (fang mutation
                  | level * 2) + ((strength-10) / 5, randomly rounded). If you
                  | have less than 10 str, it's just (fang mutation level * 2).
                  | For VS, it instead is fangs level * 2 + XL * 1/3
  5884 | Ossuary  | HP: 11/58 [mummy (11)]
  6543 | D:6      | Identified a +0 shortbow
  6705 | D:6      | Identified a cursed -2 giant club
  6799 | D:6      | Reached skill level 3 in Conjurations
  6799 | D:6      | Reached skill level 3 in Hexes
  6799 | D:6      | Reached skill level 3 in Charms
  6799 | D:6      | Reached skill level 3 in Summonings
  6799 | D:6      | Reached skill level 3 in Necromancy
  6799 | D:6      | Reached skill level 3 in Translocations
  6799 | D:6      | Reached skill level 3 in Transmutations
  6799 | D:6      | Reached skill level 3 in Fire Magic
  6799 | D:6      | Reached skill level 3 in Ice Magic
  6799 | D:6      | Reached skill level 3 in Air Magic
  6799 | D:6      | Reached skill level 3 in Earth Magic
  6799 | D:6      | Reached skill level 3 in Poison Magic
  6799 | D:6      | Reached skill level 4 in Invocations
  6824 | D:6      | Found a sacrificial altar of Ru.
  6827 | D:6      | Noticed Menkaure
  6915 | D:6      | Found Kemeitzo's Magic Scroll Shop.
  6920 | D:6      | Identified a +0 whip of flaming
  6920 | D:6      | Identified a +0 robe
  6920 | D:6      | Noticed Pikel
  6931 | D:6      | Killed Menkaure
  6931 | D:6      | Reached skill level 6 in Polearms
  6931 | D:6      | Reached skill level 6 in Armour
  6931 | D:6      | Reached XP level 9. HP: 37/65 MP: 14/14
  7250 | D:6      | Identified a +0 dagger
  7250 | D:6      | Identified a +0 leather armour
  7474 | D:6      | Killed Pikel
  7474 | D:6      | Reached skill level 4 in Fighting
  7474 | D:6      | Reached skill level 4 in Short Blades
  7474 | D:6      | Reached skill level 4 in Long Blades
  7474 | D:6      | Reached skill level 4 in Axes
  7474 | D:6      | Reached skill level 4 in Maces & Flails
  7474 | D:6      | Reached skill level 4 in Staves
  7474 | D:6      | Reached skill level 4 in Slings
  7474 | D:6      | Reached skill level 4 in Bows
  7474 | D:6      | Reached skill level 4 in Throwing
  7474 | D:6      | Reached skill level 5 in Dodging
  7474 | D:6      | Reached skill level 4 in Stealth
  7474 | D:6      | Reached skill level 5 in Shields
  7474 | D:6      | Reached skill level 4 in Unarmed Combat
  7474 | D:6      | Reached skill level 4 in Spellcasting
  7474 | D:6      | Reached skill level 5 in Evocations
  7608 | D:6      | Identified 3 potions of berserk rage
  7609 | D:6      | Identified 3 potions of degeneration
  7610 | D:6      | Identified 2 potions of mutation
  7611 | D:6      | Identified 2 potions of cancellation
  7612 | D:6      | Identified 2 potions of might
  7613 | D:6      | Identified 8 scrolls of random uselessness
  7614 | D:6      | Identified 6 scrolls of remove curse
  7615 | D:6      | Identified a scroll of blinking
  7616 | D:6      | Identified a scroll of torment
  7617 | D:6      | Identified a scroll of magic mapping
  7618 | D:6      | Identified 3 scrolls of noise
  7619 | D:6      | Identified a scroll of vulnerability
  7620 | D:6      | Identified 2 scrolls of immolation
  7762 | D:7      | Found Ytywn's Jewellery Shop.
  7763 | D:7      | Identified a +0 whip
  7765 | D:7      | Identified a cursed -3 dagger
  7766 | D:7      | Identified a cursed -1 short sword
  7767 | D:7      | Identified a +0 short sword
  7768 | D:7      | Identified a +0 short sword
  7840 | D:7      | Found a hide-covered altar of Uskayaw.
  7905 | D:7      | Identified a +0 giant club
  7996 | D:7      | Identified a +0 leather armour
  7996 | D:7      | Identified a +0 flail
  7996 | D:7      | Identified a +0 trident
  7996 | D:7      | Identified a +0 whip
  7996 | D:7      | Identified a +0 scale mail
  7997 | D:7      | Identified a +0 quarterstaff
  7997 | D:7      | Identified a +0 hunting sling of flaming
  7997 | D:7      | Identified a cursed -2 leather armour
  7997 | D:7      | Noticed Joseph
  8014 | D:7      | Paralysed by Joseph for 2 turns
  8015 | D:7      | HP: 14/66 [Joseph/+0 quarterstaff (15)]
  8017 | D:7      | HP: 4/66 [Joseph/+0 quarterstaff (10)]
  8018 | D:7      | Killed Joseph
  8018 | D:7      | Reached skill level 8 in Crossbows
  8018 | D:7      | Reached skill level 5 in Invocations
  8352 | D:7      | Identified a +0 dagger
  8352 | D:7      | Identified a +0 robe
  8352 | D:7      | Noticed Dowan
  8353 | D:7      | Identified a +0 short sword
  8353 | D:7      | Identified a +1 ring mail of fire resistance
  8353 | D:7      | Noticed Duvessa
  8361 | D:7      | Killed Dowan
  8422 | D:7      | Killed Duvessa
  8641 | D:7      | HP: 10/66 [yak (15)]
  8644 | D:7      | Reached XP level 10. HP: 11/73 MP: 17/17
  8647 | D:7      | HP: 1/73 [yak (10)]
  8648 | D:7      | Reached skill level 4 in Conjurations
  8648 | D:7      | Reached skill level 4 in Hexes
  8648 | D:7      | Reached skill level 4 in Charms
  8648 | D:7      | Reached skill level 4 in Summonings
  8648 | D:7      | Reached skill level 4 in Necromancy
  8648 | D:7      | Reached skill level 4 in Translocations
  8648 | D:7      | Reached skill level 4 in Transmutations
  8648 | D:7      | Reached skill level 4 in Fire Magic
  8648 | D:7      | Reached skill level 4 in Ice Magic
  8648 | D:7      | Reached skill level 4 in Air Magic
  8648 | D:7      | Reached skill level 4 in Earth Magic
  8648 | D:7      | Reached skill level 4 in Poison Magic
  8653 | D:7      | HP: 10/73 [yak (15)]
  8659 | D:7      | Slain by a yak

Table legend:
 A = Turns spent in this place as a percentage of turns spent in the entire game.
 B = Non-inter-level travel turns spent in this place as a percentage of non-inter-level travel turns spent in the entire game.
 C = Inter-level travel turns spent in this place as a percentage of turns spent in this place.
 D = Turns resting spent in this place as a percentage of non-inter-level travel turns spent in this place.
 E = Turns spent auto-exploring this place as a percentage of non-inter-level travel turns spent in this place.
 F = Non-inter-level travel turns spent in this place divided by the number of levels of this place that you've seen.
                   A       B       C       D       E      F
               +-------+-------+-------+-------+-------+----------------------
         Total | 100.0 | 100.0 |   2.2 |  30.2 |  49.0 | 941.3
       Dungeon |  92.2 |  92.1 |   2.3 |  28.9 |  52.4 | 1114.1
        Temple |   0.9 |   1.0 |   0.0 |   0.0 |   0.0 |  82.0
       Ossuary |   6.8 |   7.0 |   0.0 |  50.8 |  11.0 | 591.0
               +-------+-------+-------+-------+-------+----------------------

Table legend:
 A = Kills in this place as a percentage of kills in entire the game.
 B = Kills by you in this place as a percentage of kills by you in the entire game.
 C = Kills by friends in this place as a percentage of kills by friends in the entire game.
 D = Other kills in this place as a percentage of other kills in the entire game.
 E = Experience gained in this place as a percentage of experience gained in the entire game.
 F = Experience gained in this place divided by the number of levels of this place that you have seen.
                   A       B       C       D       E      F
               +-------+-------+-------+-------+-------+----------------------
         Total | 100.0 | 100.0 |   N/A |   N/A | 100.0 | 557.9
       Dungeon |  94.0 |  94.0 |   N/A |   N/A |  95.3 | 683.3
       Ossuary |   6.0 |   6.0 |   N/A |   N/A |   4.7 | 238.0
               +-------+-------+-------+-------+-------+----------------------

Skill      XL: |  1  2  3  4  5  6  7  8  9 10 |
---------------+-------------------------------+-----
Invocations    | 1 2 3 4 5 |  5.3
Fighting       | 1 2 3 4 |  4.8
Short Blades   | 1 2 3 4 |  4.8
Long Blades    | 1 2 3 4 |  4.8
Axes           | 1 2 3 4 |  4.8
Maces & Flails | 1 2 3 4 |  4.8
Staves         | 1 2 3 4 |  4.8
Slings         | 1 2 3 4 |  4.8
Bows           | 1 2 3 4 |  4.8
Throwing       | 1 2 3 4 |  4.8
Stealth        | 1 2 3 4 |  4.8
Unarmed Combat | 1 2 3 4 |  4.8
Spellcasting   | 1 2 3 4 |  4.8
Conjurations   | 1 2 3 4 |  4.0
Hexes          | 1 2 3 4 |  4.0
Charms         | 1 2 3 4 |  4.0
Summonings     | 1 2 3 4 |  4.0
Necromancy     | 1 2 3 4 |  4.0
Translocations | 1 2 3 4 |  4.0
Transmutations | 1 2 3 4 |  4.0
Fire Magic     | 1 2 3 4 |  4.0
Ice Magic      | 1 2 3 4 |  4.0
Air Magic      | 1 2 3 4 |  4.0
Earth Magic    | 1 2 3 4 |  4.0
Poison Magic   | 1 2 3 4 |  4.0
Dodging        | 3 4 5 |  5.5
Shields        | 3 4 5 |  5.5
Evocations     | 3 4 5 |  5.5
Polearms       | 5 6 |  6.7
Armour         | 5 6 |  6.7
Crossbows      | 7 8 |  8.2

Action                   |  1- 3 |  4- 6 |  7- 9 | 10-12 || total
-------------------------+-------+-------+-------+-------++-------
Melee: Hand crossbow     |       |     7 |       |       ||     7
       Bite              |       |     1 |    45 |     2 ||    48
       Staff             |       |       |    16 |       ||    16
       Trident           |       |       |   244 |    11 ||   255
       Unarmed           |       |       |    21 |       ||    21
       Whip              |       |       |     9 |       ||     9
 Fire: Hand crossbow     |    91 |   186 |   149 |       ||   426
Throw: Javelin           |       |       |    48 |       ||    48
       Dart              |       |       |    35 |       ||    35
       Stone             |       |       |     5 |       ||     5
Evoke: Wand              |       |       |     6 |       ||     6
  Use: Scroll            |       |       |    20 |       ||    20
       Potion            |       |       |       |     1 ||     1
 Stab: Sleeping          |       |       |     2 |       ||     2
  Eat: Chunk             |       |     5 |    12 |       ||    17
       Ration            |       |     1 |     1 |       ||     2
Armor: Ring mail         |    15 |    34 |    69 |     1 ||   119
Dodge: Dodged            |    10 |    30 |   107 |     2 ||   149
Block: Shield            |    15 |    22 |   156 |     4 ||   197

Vanquished Creatures
  Pikel (D:6)
  Joseph (D:7)
  2 yaks (D:7)
  Menkaure (D:6)
  Duvessa (D:7)
  An orc warrior (D:5)
  A slave (D:6)
  A phantom (D:7)
  A sky beast (D:6)
  3 ogres
  A centaur (D:6)
  A big kobold (D:7)
  A bullfrog (D:6)
  Dowan (D:7)
  A howler monkey (D:6)
  A centaur zombie (Ossuary)
  3 crimson imps
  3 bullfrog skeletons
  2 human zombies (Ossuary)
  6 orc wizards
  2 hounds (D:5)
  2 orc priests (D:5)
  Jessica (D:3)
  3 iguanas
  7 worker ants
  A killer bee zombie (D:6)
  A big kobold zombie (Ossuary)
  A hound skeleton (D:6)
  A worker ant zombie (D:7)
  4 mummies (Ossuary)
  17 gnolls
  6 adders
  An ooze (D:4)
  2 adder skeletons
  5 worms
  5 dart slugs
  2 leopard geckos
  38 orcs
  A ball python (D:2)
  11 bats
  4 giant cockroaches
  A gnoll zombie (Ossuary)
  4 goblins
  8 hobgoblins
  7 jackals
  3 quokkas
  5 frilled lizards
  A hobgoblin zombie (Ossuary)
  15 kobolds
  2 kobold zombies (Ossuary)
  A leopard gecko zombie (D:6)
  A quokka zombie (D:4)
  6 rats
202 creatures vanquished.
